 Dungeon Crawl Stone Soup version 0.28.0-43-g3370ac3207 (webtiles) character file.

Game seed: 17945727561666574157

1160 CrazyMind the Chopper (level 8, 0/72 HPs)
             Began as a Deep Dwarf Fighter on Mar 1, 2022.
             Slain by a small abomination (14 damage)
             ... on level 1 of the Abyss.
             The game lasted 00:32:04 (4404 turns).

CrazyMind the Chopper (Deep Dwarf Fighter)          Turns: 4404, Time: 00:32:04

Health: 0/72       AC: 13    Str: 21    XL:     8   Next: 16%
Magic:  7/7        EV:  6    Int: 10    God:
Gold:   214        SH:  5    Dex: 12    Spells: 7/7 levels left

rFire   . . .      SeeInvis .   a - +0 war axe
rCold   . . .      Faith    .   c - +0 buckler
rNeg    . . .      Spirit   .   g - +0 plate armour
rPois   .          Reflect  .   m - +0 helmet
rElec   .          Harm     .   (no cloak)
rCorr   .          Rampage  .   (no gloves)
Will    +....                   (no boots)
Stlth   ..........              (no amulet)
HPRegen 0.00/turn               h - ring of flight
MPRegen 0.10/turn               (no ring)

@: flying
A: damage resistance, heal wounds, sense surroundings 1, no regeneration
a: Heal Wounds


You were on level 1 of the Abyss.
You visited 1 branch of the dungeon, and saw 5 of its levels.
You visited the Abyss 1 time.

You collected 214 gold pieces.

Inventory:

Hand Weapons
 a - a +0 war axe (weapon)
 b - a +1 vampiric spear
Missiles
 e - 48 stones (quivered)
 l - 14 poisoned darts
Armour
 c - a +0 buckler (worn)
 g - a +0 plate armour (worn)
 m - a +0 helmet (worn)
Jewellery
 h - a ring of flight (left hand)
 w - a ring of ice
Wands
 n - a wand of mindburst (1)
 r - a wand of charming (11)
Scrolls
 f - a scroll of identify {unknown}
 p - 2 scrolls of teleportation
 q - a scroll of immolation {unknown}
 t - a scroll of noise {unknown}
 u - a scroll of silence {unknown}
 v - a scroll of fog {unknown}
 x - a scroll of summoning {unknown}
Potions
 d - a potion of might
 i - a potion of lignification {unknown}
 j - 3 potions of degeneration {unknown}
 k - 2 potions of ambrosia {unknown}
 o - a potion of heal wounds {unknown}
 s - a potion of resistance {unknown}


   Skills:
 + Level 3.7 Fighting
 * Level 7.3 Axes
 + Level 3.2 Throwing
 + Level 5.3 Armour
 + Level 0.2 Dodging
 + Level 1.4 Stealth
 + Level 4.2 Shields
 + Level 2.9 Evocations


You had 7 spell levels left.
You didn't know any spells.
Your spell library contained the following spells:

 Spells                   Type           Power      Damage    Failure   Level
 Slow                     Hex            0%         N/A       100%        1
 Confusing Touch          Hex            0%         N/A       100%        3
 Gell's Gravitas          Tloc           0%         N/A       100%        3
 Lesser Beckoning         Tloc           0%         N/A       100%        3
 Ozocubu's Armour         Ice            0%         N/A       100%        3
 Teleport Other           Tloc           0%         N/A       100%        3
 Vampiric Draining        Necr           0%         2d6       100%        3
 Metabolic Englaciation   Hex/Ice        0%         N/A       100%        5
 Simulacrum               Ice/Necr       0%         N/A       100%        6


Dungeon Overview and Level Annotations

Branches:
Dungeon (5/15)
 Temple: D:4-7

Altars:
Gozag
Okawaru
Qazlal

Annotations:
D:5 exclusion: 4 doors, Sigmund


Innate Abilities, Weirdness & Mutations

You are resistant to damage.
You can heal yourself by infusing magical energy.
You passively map a small area around you.
You do not regenerate.


Message History

You hit the small abomination. You block the fire bat's attack.
The small abomination hits you. The small abomination hits you!
You hit the fire bat.
The fire bat is almost dead.
You closely miss the small abomination. The fire bat barely misses you.
The small abomination hits you but does no damage.
The fire bat bites you but does no damage.
You hit the fire bat.
You kill the fire bat!
That felt strangely unrewarding.
You closely miss the small abomination. The small abomination hits you!
* * * LOW HITPOINT WARNING * * *
Your magical essence is drained by the effort!
You feel much better.
The small abomination barely misses you.
You hit the small abomination.
The small abomination is severely damaged.
You closely miss the butterfly. The small abomination hits you.
The small abomination hits you!
You closely miss the small abomination.
The small abomination is severely damaged.
The small abomination hits you but does no damage.
You hit the small abomination.
The small abomination is almost destroyed.
The small abomination hits you!
* * * LOW HITPOINT WARNING * * *
You hit the small abomination.
The small abomination is almost destroyed.
The small abomination hits you.
* * * LOW HITPOINT WARNING * * *
The small abomination hits you!
* * * LOW HITPOINT WARNING * * *
You feel much better.
The small abomination barely misses you.
You hit the small abomination but do no damage.
The small abomination is almost destroyed.
The small abomination hits you!
* * * LOW HITPOINT WARNING * * *
You fail to use your ability.
The small abomination hits you!
You die...

# .####8
#.# #.#
#.#b# .
#b# #.#
#x## #'
†#@##
#'#.#.#
#.# ## .
##.#b#
#### #.#
### ... .
## 8 #
.#..#
##.# #
... ... .
.###..###
.. ......
..#..#


You could see a small abomination and 2 fire bats.

Vanquished Creatures
  A fire bat (Abyss:1)
  Menkaure (D:5)
  A water moccasin (D:5)
  An ice beast (D:5)
  2 ogres
  A centaur (D:3)
  A small abomination (Abyss:1)
  3 scorpions (D:5)
  A water moccasin skeleton (D:5)
  A hound (D:4)
  A quasit (Abyss:1)
  An orc priest (D:3)
  A centaur skeleton (D:5)
  An iron imp (Abyss:1)
  2 iguanas (D:5)
  An orc wizard (D:5)
  A hound zombie (D:5)
  6 adders
  3 worms
  A dart slug (D:2)
  7 orcs
  3 bats
  5 endoplasms
  2 giant cockroaches (D:1)
  6 goblins
  3 hobgoblins
  7 jackals
  12 kobolds
  A quokka (D:2)
  A ball python (D:4)
  2 frilled lizards
  3 rats (D:1)
83 creatures vanquished.

Vanquished Creatures (collateral kills)
  A jelly (D:5)
  An adder (D:5)
  A jackal (D:5)
3 creatures vanquished.

Vanquished Creatures (others)
  A hound (D:5)
  A white imp (D:5)
  5 demonic plants (D:1)
  2 fungi (D:1)
  3 plants
  3 withered plants (D:1)
15 creatures vanquished.

Grand Total: 101 creatures vanquished

Notes
Turn   | Place    | Note
-------+----------+-------------------------------------------
     0 | D:1      | CrazyMind the Deep Dwarf Fighter began the quest for the
                  | Orb.
     0 | D:1      | Reached XP level 1. HP: 20/20 MP: 1/1
    49 | D:1      | Found a faded altar of an unknown god.
   186 | D:1      | Reached XP level 2. HP: 25/27 MP: 2/2
  1107 | D:2      | Reached XP level 3. HP: 26/33 MP: 3/3
  1387 | D:2      | Reached skill level 3 in Axes
  1640 | D:3      | Found a stormy altar of Qazlal.
  2122 | D:3      | Noticed a centaur
  2134 | D:3      | Killed a centaur
  2135 | D:3      | Reached skill level 4 in Axes
  2135 | D:3      | Reached XP level 4. HP: 28/42 MP: 4/4
  2135 | D:3      | Reached XP level 5. HP: 33/49 MP: 5/5
  2452 | D:3      | Reached skill level 1 in Throwing
  2518 | D:4      | Noticed an ogre
  2521 | D:4      | Killed an ogre
  2522 | D:4      | Reached skill level 5 in Axes
  2547 | D:4      | Found an opulent altar of Gozag.
  2618 | D:4      | Reached XP level 6. HP: 46/56 MP: 6/6
  3404 | D:5      | Entered Level 5 of the Dungeon
  3407 | D:5      | Reached skill level 1 in Stealth
  3407 | D:5      | Reached skill level 1 in Evocations
  3463 | D:5      | Noticed an ice beast
  3468 | D:5      | Killed an ice beast
  3469 | D:5      | Reached skill level 6 in Axes
  3486 | D:5      | Reached XP level 7. HP: 57/62 MP: 7/7
  3570 | D:5      | Found an iron altar of Okawaru.
  3572 | D:5      | Noticed Sigmund
  3880 | D:5      | Reached skill level 5 in Armour
  3896 | D:5      | Reached skill level 7 in Axes
  3936 | D:5      | Reached XP level 8. HP: 50/70 MP: 8/8
  4043 | D:5      | Noticed Menkaure
  4045 | D:5      | Killed Menkaure
  4184 | D:5      | Cast into level 1 of the Abyss (orc wizard)
  4184 | Abyss:1  | Found a corrupted altar of Lugonu.
  4268 | Abyss:1  | Noticed a necromancer
  4282 | Abyss:1  | Noticed a great orb of eyes
  4289 | Abyss:1  | Paralysed by a great orb of eyes for 5 turns
  4298 | Abyss:1  | Noticed a sixfirhy
  4298 | Abyss:1  | Noticed a purple draconian
  4300 | Abyss:1  | Noticed a worldbinder
  4301 | Abyss:1  | Noticed a manticore
  4301 | Abyss:1  | Noticed a snapping turtle
  4305 | Abyss:1  | Found a corrupted altar of Lugonu.
  4365 | Abyss:1  | Noticed an ancient zyme
  4404 | Abyss:1  | Slain by a small abomination

Illustrated notes

Levels and vault maps discovered:
D:1:      shiori_arrival_oz, layout_basic, shapermc_ecumenical_altar_gd,
          chequers_arboretum
D:2:      layout_basic, serial_forest, infiniplex_forest_lined_2,
          infiniplex_forest_lined_room_2, infiniplex_forest_lined_3,
          infiniplex_forest_lined_room_2, infiniplex_forest_clump_double,
          infiniplex_forest_lined_4_way
D:3:      layout_loops_cross, mainiacjoe_overflow_alcove_4, minivault_19,
          kennysheep_flooded_box, nicolae_figureground_pulse
D:4:      layout_basic, lemuel_tele_altar, grunt_ministairs_14
D:5:      lemuel_castle_with_subvaults [lemuel_castle_interior_carwin_3],
          layout_basic, lemuel_doored_altar, mainiacjoe_overflow_tiny_flanked,
          grunt_dithmenos_shadows, hellmonk_bongcloud_opening,
          minmay_increasing_density, uniq_blork_the_orc, uniq_menkaure,
          uniq_sigmund
Abyss:1:  base: Temple, base: Temple, minivault_28, hangedman_abyss_batty_box,
          hangedman_abyss_batty_box

Skill      XL: |  1  2  3  4  5  6  7 |
---------------+----------------------+-----
Axes           | 4 5 6 7 |  7.3
Fighting       | 3 |  3.7
Armour         | 4 5 |  5.3
Throwing       | 1 2 3 |  3.2
Stealth        | 1 |  1.4
Evocations     | 1 2 |  2.9
Shields        | 4 |  4.2
Dodging        | |  0.2

Action                   |  1- 3 |  4- 6 |  7- 9 || total
-------------------------+-------+-------+-------++-------
Melee: War axe           |    78 |    20 |    54 ||   152
       Spear             |       |    27 |    64 ||    91
Throw: Stone             |    78 |    15 |     3 ||    96
       Dart              |       |     1 |    17 ||    18
 Abil: Heal Wounds       |       |       |     3 ||     3
Evoke: Wand              |     4 |    10 |    10 ||    24
  Use: Scroll            |       |       |     1 ||     1
Armor: Scale mail        |    14 |       |       ||    14
       Plate armour      |    24 |    21 |    77 ||   122
Dodge: Dodged            |    23 |     3 |    36 ||    62
Block: Buckler           |    13 |     5 |    29 ||    47
